 Dungeon Crawl Stone Soup version 0.20.1-1-g8b1a95d (webtiles) character file.

324 letownia2 the Grave Robber (level 6, -2/49 HPs)
             Began as a Deep Dwarf Necromancer on Nov 28, 2017.
             Killed from afar by Dowan (12 damage)
             ... with a stone arrow
             ... on level 4 of the Dungeon.
             The game lasted 00:06:12 (1676 turns).

letownia2 the Grave Robber (Deep Dwarf Necromancer) Turns: 1676, Time: 00:06:13

Health: -2/49      AC:  3    Str: 12    XL:     6   Next: 23%
Magic:  2/11       EV: 12    Int: 17    God:
Gold:   88         SH:  0    Dex: 13    Spells: 7/11 levels left

rFire    . . .     SeeInvis .   g - +0 short sword
rCold    . . .     Gourm    .   (no shield)
rNeg     . . .     Faith    .   f - +0 leather armour
rPois    .         Spirit   .   (no helmet)
rElec    .         Reflect  .   (no cloak)
rCorr    .         Harm     .   (no gloves)
MR       .....                  (no boots)
Stlth    ++........             (no amulet)
Regen    0.0/turn               (no ring)
MPRegen  0.2/turn               (no ring)

@: non-regenerating
A: damage resistance, heal wounds, sense surroundings 1, no regeneration
a: Heal Wounds


You were on level 4 of the Dungeon.
You were near starving.

You visited 1 branch of the dungeon, and saw 4 of its levels.

You collected 88 gold pieces.

Inventory:

Hand Weapons
 g - a +0 short sword (weapon)
Armour
 f - a +0 leather armour (worn)
 i - the +1 robe of Patterns {+Blink}
   (You found it on level 4 of the Dungeon)

   It lets you blink.
Scrolls
 a - a scroll of amnesia {unknown}
 e - 2 scrolls of identify {unknown}
Potions
 j - a potion of mutation {unknown}
Books
 b - a book of Necromancy

   Spells                             Type                      Level
   a - Pain                           Necromancy                   1
   b - Animate Skeleton               Necromancy                   1
   c - Vampiric Draining              Necromancy                   3
   d - Regeneration                   Charms/Necromancy            3
   e - Animate Dead                   Necromancy                   4
   f - Control Undead                 Necromancy                   4
Comestibles
 c - 2 bread rations
 d - 2 chunks of flesh
 h - a meat ration


   Skills:
 - Level 2.1 Dodging
 - Level 2.4 Stealth
 - Level 3.4 Spellcasting
 + Level 7.2 Necromancy


You had 7 spell levels left.
You knew the following spells:

 Your Spells              Type           Power        Failure   Level  Hunger
a - Pain                  Necr           ####         1%          1    None
v - Vampiric Draining     Necr           ####......   3%          3    ###....


Dungeon Overview and Level Annotations

Branches:
Dungeon (4/15)
 Temple: D:4-7

Altars:
Makhleb

Annotations:
D:4 Dowan; Vourdeox's ghost, weakling DsAK


Innate Abilities, Weirdness & Mutations

You are resistant to damage.
You can heal yourself by infusing magical energy.
You passively map a small area around you.
You do not regenerate.


Message History

You feel life coursing into your body. Dowan hits you but does no damage.
Casting: Vampiric Draining
Confirm with . or Enter, or press ? or * to list all spells.
You don't know that spell.
Unknown command.
Dowan hits you with a dagger. x2
Things that are here:
a short sword; a leather armour; the elf corpse of Duvessa You butcher the elf corpse of Duvessa.
Dowan gestures at you while chanting. The shard of ice hits you!
Ouch! That really hurt!
* * * LOW HITPOINT WARNING * * *
Things that are here:
a short sword; a leather armour; 2 chunks of flesh
d - 2 chunks of flesh Dowan hits you but does no damage.
Dowan points at you and mumbles some strange words.
The stone arrow hits you!
You die...

...### * ##.#
#....#### , *###..#
###e....# ## #...##
###.#..##.. ##...##
#.e......#* #.#..#
#####.....#####.##.#
* ** #.............#
* ,, ..............#
,, *
###.#.e@##.##.#####
* ** #
###.##.#(.<...# ,
#....#......#
#....#......#
####.#...##......#
e................#
,...(...####......#
####...# #......#
#...# #......#


You could see Dowan.

Vanquished Creatures
  Duvessa (D:4)
  A sky beast (D:4)
  An orc priest (D:4)
  A worker ant (D:3)
  5 adders
  A leopard gecko (D:1)
  5 orcs
  A giant cockroach (D:1)
  A goblin (D:3)
  2 hobgoblins
  4 jackals (D:3)
  2 kobolds
  3 frilled lizards
  2 rats
30 creatures vanquished.

Vanquished Creatures (others)
  A jackal (D:4)
1 creature vanquished.

Grand Total: 31 creatures vanquished

Notes
Turn   | Place    | Note
-------+----------+-------------------------------------------
     0 | D:1      | letownia2 the Deep Dwarf Necromancer began the quest for the Orb.
     0 | D:1      | Reached XP level 1. HP: 15/15 MP: 3/3
   191 | D:2      | Found a burning altar of Makhleb.
   236 | D:2      | Reached XP level 2. HP: 20/22 MP: 0/5
   345 | D:3      | Reached skill level 5 in Necromancy
   357 | D:3      | Reached XP level 3. HP: 14/28 MP: 0/6
   436 | D:3      | Learned a level 3 spell: Vampiric Draining
   799 | D:4      | Noticed Vourdeox's ghost (weakling DsAK)
   840 | D:4      | Noticed a sky beast
   907 | D:4      | Killed a sky beast
   907 | D:4      | Reached XP level 4. HP: 15/36 MP: 0/9
   907 | D:4      | Reached XP level 5. HP: 17/42 MP: 0/10
   984 | D:4      | Noticed Duvessa
  1020 | D:4      | Noticed Dowan
  1102 | D:4      | Got a ripped robe
  1127 | D:4      | Reached skill level 6 in Necromancy
  1364 | D:3      | Identified the +1 robe of Patterns {+Blink} (You found it on level 4 of the Dungeon)
  1673 | D:4      | Killed Duvessa
  1673 | D:4      | Reached skill level 7 in Necromancy
  1673 | D:4      | Reached XP level 6. HP: 32/49 MP: 2/11
  1676 | D:4      | Killed from afar by Dowan

Skill      XL: |  1  2  3  4  5 |
---------------+----------------+-----
Spellcasting   | 2 3 |  3.4
Necromancy     | 5 7 |  7.2
Dodging        | |  2.1
Stealth        | |  2.4

Action                   |  1- 3 |  4- 6 || total
-------------------------+-------+-------++-------
Melee: Unarmed           |    21 |       ||    21
       Short sword       |       |     3 ||     3
 Cast: Pain              |    35 |     6 ||    41
       Vampiric Draining |     7 |    22 ||    29
  Eat: Chunk             |     1 |     3 ||     4
Armor: Robe              |     9 |       ||     9
       Leather armour    |     2 |     9 ||    11
Dodge: Dodged            |    43 |    27 ||    70
